Unix NetHack Version 5.0.0-0 post-release - last build May  3 2026 23:40:34 (9823c992c0763bbd039eca2974112f46eaf799b3,branch:main).

Game began 2026-05-04 15:34:00, ended 2026-05-04 15:45:18.

GdeVolpiano, neutral male human Monk

                                                          ....
                                                          ....
                                                        ...^.-.%..
                                                        G@%)....<.
                                                        ..........
                                                          ...----

GdeVolpiano the Novice          St:16 Dx:17 Co:10 In:11 Wi:14 Ch:8  Neutral
Dlvl:5  $:55 HP:0(42) Pw:31(31) AC:4  Xp:5 T:1147 

Latest messages:
 You descend the stairs.
 You climb up the stairs.
 With great effort you move the boulder.
 You kill the gnome!
 The gnome hits!
 You kill the gnome!
 An arrow shoots out at you!
 An arrow misses you.
 You are beginning to feel hungry.
 Really step onto that arrow trap? [yn] (n)
 There is an arrow trap here.
 You see here an arrow.
 An arrow shoots out at you!
 An arrow misses you.
 What do you want to eat? [efghp or ?*]
 This orange is delicious!
 You swap places with Heliodore.
 Suddenly, Heliodore falls through a trap door.
 Really step onto that trap door? [yn] (n)
 A trap door opens up under you!
 The gnome hits!
 You kill the gnome!
 You hear some noises in the distance.
 The gnome hits!
 Click!  You trigger a rolling boulder trap!
 You are hit by a boulder!
 You are almost hit by a dagger.
 You kill the gnome!
 N - a scroll labeled PHOL ENDE WODAN.
 Really step onto that rolling boulder trap? [yn] (n)
 You kill the gnome!
 You can't go down here.
 You climb up the stairs.
 You descend the stairs.
 You hear rumbling in the distance.
 You kill the dwarf!
 You hit the gnome lord!
 The gnome lord thrusts his dagger.
 The gnome lord hits!
 You kill the gnome lord!
 You are hit by a dagger.
 You hear some noises in the distance.
 O - a red gem.
 It is missed.
 You are hit by an arrow.
 You kill the gnome!
 The gnome swings her bow.
 The gnome hits!
 You die...
 Do you want your possessions identified? [ynq] (y)

Inventory:
 Coins    ('$')
  $ - 55 gold pieces
 Armor    ('[')
  a - an uncursed +2 pair of leather gloves (being worn)
  b - an uncursed +1 robe (being worn)
 Comestibles  ('%')
  f - 6 uncursed apples
  e - 7 uncursed food rations
  h - 3 uncursed fortune cookies
  g - 5 uncursed oranges
  p - an uncursed egg
 Scrolls  ('?')
  n - an uncursed scroll of enchant armor
  N - an uncursed scroll of genocide
  B - a blessed scroll of gold detection
  x - an uncursed scroll of identify
  c - a blessed scroll of light
  r - an uncursed scroll of magic mapping
  C - 2 uncursed scrolls of remove curse
 Potions  ('!')
  d - 4 uncursed potions of healing
  o - an uncursed potion of levitation
  q - an uncursed potion of polymorph
  j - an uncursed potion of sickness
  s - an uncursed potion of water
 Wands    ('/')
  I - a wand of light (0:14)
 Tools    ('(')
  w - an uncursed magic whistle
  y - a +0 pick-axe
 Gems/Stones  ('*')
  K - an uncursed topaz stone
  A - an uncursed worthless piece of blue glass
  O - an uncursed worthless piece of red glass
  l - 4 uncursed worthless pieces of violet glass
  L - 2 uncursed worthless pieces of white glass

GdeVolpiano the Monk's attributes:

Background:
 You were a Novice, a level 5 male human Monk.
 You were neutral, nominally on a mission for Chih Sung-tzu
 who was opposed by Shan Lai Ching (lawful) and Huan Ti (chaotic).
 You were right-handed.
 You were in the Gnomish Mines, on level 5.
 You entered the dungeon 1147 turns ago.
 There was a full moon in effect when your adventure ended.
 You had 244 experience points, 76 more were needed to attain level 6.

Basics:
 You had 0 out of 42 hit points.
 You had all 31 energy points (spell power).
 Your armor class was 4.
 Your wallet contained 55 zorkmids.
 Autopickup was on for '$?!/="+' plus thrown, with exceptions.

Final Characteristics:
 Your strength was 16 (limit:18/100).
 Your dexterity was 17 (limit:18).
 Your constitution was 10 (limit:18).
 Your intelligence was 11 (limit:18).
 Your wisdom was 14 (limit:18).
 Your charisma was 8 (limit:18).

Final Status:
 You weren't hungry.
 You were unencumbered.
 You were empty handed.
 You had basic skill with martial arts.

Final Attributes:
 You were devoutly aligned.
 You were sleep resistant.
 You were poison resistant.
 You saw invisible.
 You were stealthy.
 You were guarded.
 Your spell casting was enhanced by wearing a robe.
 You were fast.
 You were lucky.
 You are dead.

Miscellaneous:
 You didn't encounter any bones levels.
 Total elapsed playing time was 11 minutes and 16 seconds.

Major events:
 Turn
    1: GdeVolpiano the neutral male human Monk entered the dungeon
  482: entered the Gnomish Mines
  581: attained the rank of Novice (level 3)
 1147: killed by a gnome

Spells:
 Name                 Level Category     Fail Retention
 protection             1   clerical       0%  76%-100%

Skills:
 Fighting Skills
   martial arts       [Basic]
 Weapon Skills
   quarterstaff       [Unskilled]
   spear              [Unskilled]
   crossbow           [Unskilled]
   shuriken           [Unskilled]
 Spellcasting Skills
   attack spells      [Unskilled]
   healing spells     [Basic]
   divination spells  [Unskilled]
   enchantment spells [Unskilled]
   clerical spells    [Unskilled]
   escape spells      [Unskilled]
   matter spells      [Unskilled]

Voluntary challenges:
 Character rerolling was not enabled.
 You followed a strict vegan diet.
 You were an atheist.
 You never hit with a wielded weapon.
 You were illiterate.
 You never genocided any monsters.
 You never polymorphed an object.
 You never changed form.
 You used no wishes.
Achievements:
 You entered the Gnomish Mines.
 You entered a shop.
 You attained the rank of Novice.

 The Dungeons of Doom: levels 1 to 4
    Level 1:
    Level 2:
    Level 3:
       A general store, a fountain.
       Stairs down to The Gnomish Mines.
    Level 4:
 The Gnomish Mines: levels 4 to 5
    Level 4:
    Level 5: <- You were here.
       Final resting place for
          you, killed by a gnome.


Vanquished creatures:
  a shrieker
  2 gnome leaders
  3 dwarves
  2 homunculi
  2 orc zombies
 an iguana
  a gas spore
  2 hobbits
 13 gnomes
  2 geckos
  3 jackals
  a fox
  2 kobolds
  4 goblins
  4 sewer rats
  a grid bug
  2 lichens
  a kobold zombie
  a newt
48 creatures vanquished.

No species were genocided or became extinct.

Game over:
                       ----------
                      /          \
                     /    REST    \
                    /      IN      \
                   /     PEACE      \
                  /                  \
                  |   GdeVolpiano    |
                  |      55 Au       |
                  |   killed by a    |
                  |      gnome       |
                  |                  |
                  |                  |
                  |       2026       |
                 *|     *  *  *      | *
        _________)/\\_//(\/(/\)/\//\/|_)_______

Goodbye GdeVolpiano the Monk...

You died in The Gnomish Mines on dungeon level 5 with 1226 points,
and 55 pieces of gold, after 1147 moves.
You were level 5 with a maximum of 42 hit points when you died.

